 Dungeon Crawl Stone Soup version 0.25-a0-100-g33052ceff8 (webtiles) character file.

Game seed: 2984807692246837388, levelgen mode: deterministic

39 MrRokkomies the Sneak (level 3, 0/16 HPs)
             Began as a Spriggan Enchanter on Nov 15, 2019.
             Slain by a hobgoblin (5 damage)
             ... on level 1 of the Dungeon.
             The game lasted 00:05:06 (1466 turns).

MrRokkomies the Sneak (Spriggan Enchanter)          Turns: 1466, Time: 00:05:06

Health: 0/16       AC:  2    Str:  4    XL:     3   Next: 26%
Magic:  1/8        EV: 19    Int: 17    God:
Gold:   87         SH:  0    Dex: 18    Spells: 4/7 levels left

rFire    . . .     SeeInvis +   a - +2 dagger
rCold    . . .     Gourm    .   (shield restricted)
rNeg     . . .     Faith    +   b - +0 robe
rPois    .         Spirit   .   (helmet restricted)
rElec    .         Reflect  .   (no cloak)
rCorr    .         Harm     .   (gloves unavailable)
MR       .....                  (boots unavailable)
Stlth    +++.......             g - amulet of faith
HPRegen  0.05/turn              i - +2 ring of dexterity
MPRegen  0.11/turn              (no ring)

@: very quick
A: very small, unfitting armour, see invisible, herbivore, speed 3, slow
metabolism 2
a: no special abilities


You were on level 1 of the Dungeon.
You were not hungry.

You visited 1 branch of the dungeon, and saw 2 of its levels.

You collected 87 gold pieces.

Inventory:

Hand Weapons
 a - a +2 dagger (weapon)
Armour
 b - a +0 robe (worn)
Jewellery
 g - an amulet of faith (around neck)
 i - a +2 ring of dexterity (left hand)
Scrolls
 l - 2 scrolls of blinking
Potions
 e - a potion of mutation
 j - a potion of might
Comestibles
 d - 2 rations


   Skills:
 * Level 2.3 Short Blades
 + Level 3.6 Dodging
 - Level 4.4 Stealth
 - Level 2.6 Spellcasting
 * Level 4.3 Hexes


You had 4 spell levels left.
You knew the following spells:

 Your Spells              Type           Power        Failure   Level  Hunger
a - Corona                Hex            ###....      3%          1    #......
b - Ensorcelled Hibernat  Hex/Ice        #.....       11%         2    ##.....

Your spell library contained the following spells:

 Spells                   Type           Power        Failure   Level  Hunger
 Confuse                  Hex            ###.....     9%          3    ###....
 Tukima's Dance           Hex            ###.....     9%          3    ###....
 Dazzling Spray           Conj/Hex       #.....       22%         3    ###....


Dungeon Overview and Level Annotations

Branches:
Dungeon (2/15)

Altars:

Annotations:
D:2 Sigmund


Innate Abilities, Weirdness & Mutations

You are very small and have problems with some larger weapons.
You are too small for most types of armour.
You have supernaturally acute eyesight. (SInv)
You are a herbivore.
You cover ground extremely quickly.
You need to consume almost no food.


Message History

The adder bites you. x2
You closely miss the adder.
The adder is heavily wounded.
The adder barely misses you.
You hit the adder.
The adder is severely wounded.
The adder completely misses you.
You miss the adder.
The adder is severely wounded.
The adder barely misses you.
You hit the adder.
You kill the adder!
You hit the hobgoblin but do no damage. The hobgoblin hits you.
You closely miss the hobgoblin. The hobgoblin hits you.
You closely miss the hobgoblin. You hit the hobgoblin but do no damage.
The hobgoblin misses you.
You hit the hobgoblin.
The hobgoblin is moderately wounded.
The hobgoblin hits you.
You die...

7777777777777777777##############
##### ### #......# # #...# #.#
#..####### ....# #.## #.........
#...# #..# #.######## ##.## ##.#
#.# ##'## #.# #.# #...## #.# #.#
.....## ### #@# #.### # ......##
##.###g# #.#.## ##
.......####...##.#######.)..####.
.......'.......................'.
.......####...##.########...####.
......## ##.###.# ##.## ##
.....## ####..# #####.#### #
#...## #.## #........# ##'### #.#
#.....##.#


You could see a hobgoblin.

Vanquished Creatures
  2 adders (D:1)
  5 bats (D:1)
  2 giant cockroaches (D:1)
  A goblin (D:1)
  4 hobgoblins (D:1)
  3 frilled lizards (D:1)
  3 kobolds (D:1)
  2 rats (D:1)
22 creatures vanquished.

Notes
Turn   | Place    | Note
-------+----------+-------------------------------------------
     0 | D:1      | MrRokkomies the Spriggan Enchanter began the quest for the
                  | Orb.
     0 | D:1      | Reached XP level 1. HP: 9/9 MP: 5/5
   169 | D:1      | Reached XP level 2. HP: 13/13 MP: 6/6
   173 | D:1      | Learned a level 2 spell: Ensorcelled Hibernation
  1224 | D:2      | Noticed Sigmund
  1308 | D:1      | Reached XP level 3. HP: 16/16 MP: 5/8
  1466 | D:1      | Slain by a hobgoblin

Levels and vault maps discovered:
D:1:      erik_arrival_cave_to_civilisation [erik_arrival_cave_to_temple],
          layout_loops_corners, nrook_mini_vaults
D:2:      layout_rooms, chequers_ecumenical_altar_grove, uniq_terence,
          uniq_sigmund

Skill      XL: |  1  2 |
---------------+-------+-----
Hexes          | 4 |  4.3
Short Blades   | 2 |  2.3
Dodging        | |  3.6
Stealth        | |  4.4
Spellcasting   | |  2.6

Action                   || total
-------------------------++-------
Melee: Dagger            ||    69
 Cast: Ensorcelled Hiber ||     8
  Use: Scroll            ||     6
 Stab: Sleeping          ||    12
Armor: Robe              ||     7
Dodge: Dodged            ||    64

Table legend:
 A = Non-vault XP
 B = Vault XP
 C = Vault XP percentage of total XP
 D = Non-vault monster count
 E = Vault monster count
 F = Vault count percentage of total count
                 A         B        C        D         E       F
            +---------+---------+-------+---------+---------+-------
      Total |      54 |       2 |   3.6 |      20 |       2 |   9.1
            +---------+---------+-------+---------+---------+-------
        D:1 |      54 |       2 |   3.6 |      20 |       2 |   9.1
            +---------+---------+-------+---------+---------+-------
